 Dungeon Crawl Stone Soup version 0.27-a0-1325-g58a489ad9e (webtiles) character file.

Game seed: 2545971984033718198

85 Arzdou the Chopper (level 4, 0/40 HPs)
             Began as a Hill Orc Fighter on June 24, 2021.
             Succumbed to an adder's poison
             ... on level 2 of the Dungeon.
             The game lasted 00:03:04 (2267 turns).

Arzdou the Chopper (Hill Orc Fighter)               Turns: 2267, Time: 00:03:06

Health: 0/40       AC:  7    Str: 18    XL:     4   Next: 48%
Magic:  4/4        EV:  7    Int:  8    God:
Gold:   71         SH:  9    Dex: 11    Spells: 3/3 levels left

rFire    . . .     SeeInvis .   a - +0 war axe
rCold    . . .     Faith    .   c - +0 kite shield
rNeg     . . .     Spirit   .   b - +0 scale mail
rPois    .         Reflect  .   (no helmet)
rElec    .         Harm     .   (no cloak)
rCorr    .         Rampage  .   (no gloves)
Will     .....                  (no boots)
Stlth    ..........             h - amulet of the acrobat
HPRegen  0.13/turn              (no ring)
MPRegen  0.09/turn              (no ring)

@: mighty, lethally poisoned (0 -> -5)
A: no striking features
a: no special abilities


You were on level 2 of the Dungeon.
You visited 1 branch of the dungeon, and saw 2 of its levels.

You collected 71 gold pieces.

Inventory:

Hand Weapons
 a - a +0 war axe (weapon)
Armour
 b - a +0 scale mail (worn)
 c - a +0 kite shield (worn)
Jewellery
 h - an amulet of the acrobat (around neck)
Scrolls
 k - a scroll of teleportation {unknown}
 n - a scroll of identify {unknown}
Potions
 f - a potion of cancellation {unknown}
 i - 2 potions of heal wounds {unknown}
 j - a potion of mutation {unknown}
 l - a potion of degeneration {unknown}
 m - 2 potions of curing {unknown}


   Skills:
 + Level 3.9 Fighting
 + Level 4.5 Axes
 + Level 3.7 Armour
 + Level 0.3 Stealth
 + Level 4.0 Shields


You had 3 spell levels left.
You didn't know any spells.
Your spell library was empty.

Dungeon Overview and Level Annotations

Branches:
Dungeon (2/15)

Altars:


Message History

You are more poisoned.
The adder poisons you! You block the adder's attack. The adder bites you.
You are more poisoned.
The adder poisons you!
You barely miss the adder.
The adder is severely wounded.
You closely miss the adder.
You feel very sick.
The adder bites you but does no damage. x4
You closely miss the adder.
The adder is severely wounded.
You hit the adder.
You feel very sick. The adder bites you.
You are more poisoned.
The adder poisons you! You block the adder's attack.
The adder closely misses you. You block the adder's attack.
You hit the adder.
You kill the adder!
You miss the adder.
* * * LOW HITPOINT WARNING * * *
You feel very sick. The adder completely misses you.
The adder closely misses you.
* * * LOW HITPOINT WARNING * * *
You feel sick. The adder closely misses you.
* * * LOW HITPOINT WARNING * * *
You feel sick.
You feel very mighty all of a sudden.
* * * LOW HITPOINT WARNING * * *
You feel sick. The adder closely misses you. The adder bites you.
* * * LOW HITPOINT WARNING * * *
You are more poisoned.
The adder poisons you!
Your shield prevents you from hitting the adder.
* * * LOW HITPOINT WARNING * * *
You feel very sick.
The adder bites you but does no damage. x2
You slash the adder!
The adder is almost dead.
You die...

..# #.......#.# #. #.#
#....####.# #8 # #
#....# #.# #. # #....#
#.# #. # #.... #.# #. #
#... #)# #. # #.# #. #
##.#### ...... #. #
#..@S.# #....# #. ###
###+#####.######....###.
..#
<..............#..... #.
#.#
..[...........#.#>#.###.
#.#
.......###............#)
#.# .......
....#.#.#.#.#. #.#
....... ..............
#.# ......#
#####.#.#.##.. #.#
...... #..........


You could see an adder.

Vanquished Creatures
  A hound skeleton (D:2)
  3 adders (D:2)
  A worm (D:2)
  5 ball pythons
  4 bats
  4 endoplasms (D:1)
  A giant cockroach (D:1)
  4 goblins
  7 kobolds
  A quokka (D:2)
  A ball python skeleton (D:2)
  2 frilled lizards (D:1)
  A quokka skeleton (D:2)
  A quokka zombie (D:2)
  3 rats
39 creatures vanquished.

Notes
Turn   | Place    | Note
-------+----------+-------------------------------------------
     0 | D:1      | Arzdou the Hill Orc Fighter began the quest for the Orb.
     0 | D:1      | Reached XP level 1. HP: 19/19 MP: 1/1
   262 | D:1      | Reached XP level 2. HP: 8/27 MP: 2/2
  1112 | D:1      | Reached XP level 3. HP: 33/33 MP: 3/3
  1925 | D:2      | Reached XP level 4. HP: 34/40 MP: 4/4
  2266 | D:2      | HP: 2/40 [poisoned by an adder]
  2267 | D:2      | Succumbed to an adder's poison

Illustrated notes

Levels and vault maps discovered:
D:1:      psy_arrival_conway, layout_loops_corners
D:2:      layout_basic, serial_undead, serial_undead_e, serial_undead_a,
          serial_undead_f, serial_undead_e, serial_undead_c, serial_undead_a,
          serial_undead_a, grunt_ministairs_12, st_stairs_12,
          minmay_misc_feat_ornament

Skill      XL: |  1  2  3  4 |
---------------+-------------+-----
Axes           | 3 4 |  4.5
Shields        | 4 |  4.0
Fighting       | |  3.9
Armour         | |  3.7
Stealth        | |  0.3

Action                   |  1- 3 |  4- 6 || total
-------------------------+-------+-------++-------
Melee: War axe           |   121 |    35 ||   156
  Use: Scroll            |       |     2 ||     2
       Potion            |       |     1 ||     1
Armor: Scale mail        |    56 |    15 ||    71
Dodge: Dodged            |    41 |    19 ||    60
Block: Kite shield       |    61 |    20 ||    81

Table legend: (Time is in decaauts)
 A = Elapsed time spent in this place.
 B = Non-inter-level travel time spent in this place.
 C = Inter-level travel time spent in this place.
 D = Time resting spent in this place.
 E = Time spent auto-exploring this place.
 F = Levels seen in this place.
 G = Mean time per level.
                   A        B        C        D        E       F      G
               +--------+--------+--------+--------+--------+-----+--------+
         Total |   2357 |   2251 |    106 |      0 |   1875 |   2 | 1178.5 |
       Dungeon |   2357 |   2251 |    106 |      0 |   1875 |   2 | 1178.5 |
               +--------+--------+--------+--------+--------+-----+--------+

Top non-repeatable levels by time:
     D:1: 1504 daAuts
     D:2: 852 daAuts
